Map: Overgrowth LE (Void)

Players

Florencio - Winner!

  • Race: Protoss Protoss
  • League: Diamond
  • Spawn Location: 1:00

Noctis

  • Race: Terran Terran
  • Spawn Location: 7:00

VOD

Have the link to the VOD?

Description

Time

  • Played on: Dec. 15, 2016, 12:52 p.m.
  • Length: 20:06
Show
View Real Time Build Order
Export as new Build Order

Florencio Protoss - Winner!

Build Orders:  

Get SALT Encoding   

  12  0:01  Probe (Chrono Boost)  
  13  0:11  Probe (Chrono Boost)  
  14  0:21  Pylon  
  14  0:22  Probe (Chrono Boost)  
  15  0:39  Probe (Chrono Boost)  
  15  0:40  Forge  
  16  0:49  Probe (Chrono Boost)  
  17  0:55  Pylon  
  17  1:05  Pylon  
  17  1:15  Photon Cannon  
  17  1:20  Photon Cannon  
  17  1:23  Pylon  
  17  1:47  Pylon  
  17  1:51  Gateway  
  17  1:52  Gateway  
  17  1:55  Gateway  
  17  1:59  Gateway  
  17  2:12  Pylon  
  16  2:34  Probe (Chrono Boost)  
  16  2:35  Pylon  
  17  2:39  Zealot x2  
  17  2:43  Zealot  
  23  2:45  Probe (Chrono Boost)  
  23  2:47  Zealot  
  26  3:06  Zealot x2  
  26  3:10  Zealot  
  26  3:12  Zealot  
  32  3:14  Pylon  
  34  3:33  Zealot  
  36  3:34  Zealot  
  36  3:37  Zealot  
  40  3:41  Zealot  
  38  4:00  Zealot x2  
  35  4:04  Zealot  
  35  4:06  Zealot  
  33  4:27  Zealot x2  
  39  4:31  Zealot  
  39  4:33  Zealot  
  37  4:51  Zealot  
  29  4:54  Zealot  
  29  4:58  Zealot  
  31  5:01  Zealot  
  33  5:14  Zealot  
  27  5:23  Zealot  
  27  5:26  Zealot  
  27  5:28  Zealot  
  33  5:38  Zealot  
  27  5:50  Zealot  
  29  6:03  Zealot  
  27  6:06  Zealot x2  
  31  6:40  Assimilator  
  31  6:44  Assimilator  
  31  6:54  Nexus  
  31  7:11  Cybernetics Core  
  32  7:16  Probe (Chrono Boost)  
  32  7:18  Nexus  
  32  7:19  Pylon  
  32  7:28  Probe (Chrono Boost)  
  33  7:37  Photon Cannon  
  33  7:40  Probe (Chrono Boost)  
  35  7:52  Probe (Chrono Boost)  
  35  7:59  Stargate  
  35  8:08  Probe (Chrono Boost)  
  36  8:17  Pylon  
  36  8:20  Pylon  
  36  8:21  Assimilator  
  36  8:26  Probe (Chrono Boost)  
  37  8:27  Probe (Chrono Boost)  
  38  8:36  Probe (Chrono Boost)  
  38  8:38  Probe (Chrono Boost)  
  38  8:40  Probe (Chrono Boost)  
  41  8:47  Probe (Chrono Boost)  
  42  8:51  Void Ray, Probe (Chrono Boost)  
  47  9:02  Photon Cannon  
  47  9:13  Probe (Chrono Boost)  
  47  9:14  Probe (Chrono Boost)  
  49  9:23  Probe (Chrono Boost)  
  50  9:25  Probe (Chrono Boost)  
  50  9:26  Mothership Core (Chrono Boost)  
  53  9:32  Assimilator  
  53  9:34  Probe (Chrono Boost)  
  42  9:58  Photon Cannon  
  40  10:00  Photon Cannon  
  40  10:02  Pylon  
  40  10:03  Probe (Chrono Boost)  
  40  10:05  Void Ray  
  45  10:10  Stargate  
  45  10:11  Probe (Chrono Boost)  
  45  10:13  Probe (Chrono Boost)  
  47  10:22  Probe (Chrono Boost)  
  47  10:42  Photon Cannon  
  47  10:44  Photon Cannon  
  47  10:45  Assimilator  
  47  10:46  Photon Cannon  
  47  10:49  Void Ray  
  51  10:57  Probe (Chrono Boost)  
  52  11:07  Probe (Chrono Boost)  
  52  11:10  Probe x2 (Chrono Boost)  
  55  11:16  Void Ray  
  55  11:18  Probe (Chrono Boost)  
  60  11:20  Assimilator  
  60  11:21  Probe (Chrono Boost)  
  60  11:22  Probe (Chrono Boost)  
  62  11:28  Pylon, Probe (Chrono Boost)  
  63  11:38  Void Ray  
  63  11:39  Probe (Chrono Boost)  
  68  11:48  Fleet Beacon  
  68  11:51  Stargate  
  68  11:55  Probe (Chrono Boost)  
  68  11:57  Probe (Chrono Boost)  
  68  12:00  Probe (Chrono Boost)  
  71  12:05  Probe (Chrono Boost)  
  71  12:07  Probe (Chrono Boost)  
  73  12:16  Probe (Chrono Boost)  
  74  12:28  Probe (Chrono Boost)  
  83  12:32  Carrier  
  83  12:33  Carrier  
  83  12:37  Carrier  
  83  12:39  Probe (Chrono Boost)  
  83  12:43  Probe (Chrono Boost)  
  95  12:49  Probe (Chrono Boost)  
  96  12:53  Probe (Chrono Boost)  
  96  12:54  Graviton Catapult  
  97  12:59  Pylon  
  97  13:16  Pylon  
  103  13:36  Pylon  
  103  13:44  Photon Cannon  
  103  13:45  Photon Cannon  
  103  13:47  Carrier, Photon Cannon  
  103  13:48  Carrier  
  114  14:03  Carrier  
  120  15:14  Nexus  
  120  15:15  Pylon  
  120  15:22  Carrier x2  
  120  15:26  Pylon  
  120  15:28  Pylon  
  120  15:30  Pylon  
  120  15:32  Pylon  
  120  15:34  Pylon  
  132  15:39  Pylon  
  132  15:41  Pylon  
  132  15:42  Photon Cannon x2  
  132  15:46  Carrier  
  138  16:36  Carrier x2  
  150  17:04  Stargate  
  150  17:06  Stargate  
  150  17:07  Stargate  
  150  17:11  Carrier  
  156  17:19  Probe (Chrono Boost)  
  157  17:23  Assimilator  
  157  17:29  Assimilator, Probe (Chrono Boost)  
  158  17:40  Probe (Chrono Boost)  
  159  17:50  Probe (Chrono Boost)  
  159  17:51  Carrier x2  
  160  18:04  Photon Cannon x2  
  172  18:06  Pylon  
  172  18:08  Probe (Chrono Boost)  
  172  18:09  Photon Cannon  
  172  18:10  Photon Cannon  
  172  18:12  Photon Cannon  
  173  18:19  Probe (Chrono Boost)  
  174  18:29  Probe (Chrono Boost)  
  174  18:30  Probe (Chrono Boost)  
  176  18:40  Probe (Chrono Boost)  
  183  19:09  Pylon  
  183  19:10  Pylon  
  183  19:12  Oracle x2  
  183  19:13  Pylon  
  189  19:31  Twilight Council  
Show
View Real Time Build Order
Export as new Build Order

Noctis Terran 

Build Orders:  

Get SALT Encoding   

  12  0:01  SCV  
  13  0:13  SCV  
  14  0:17  Supply Depot  
  14  0:25  SCV  
  15  0:34  Refinery  
  15  0:39  SCV  
  16  0:45  Barracks  
  16  0:51  SCV  
  17  1:03  SCV  
  18  1:05  Supply Depot  
  18  1:15  SCV  
  19  1:34  Bunker  
  19  1:35  SCV  
  19  1:37  Marine, Bunker  
  21  1:47  Supply Depot  
  21  1:58  Marine  
  21  2:00  Factory  
  22  2:11  Supply Depot  
  22  2:16  Marine  
  24  2:39  Supply Depot  
  23  2:49  Factory Tech Lab  
  23  2:51  Marine  
  23  2:54  Orbital Command  
  24  3:02  Engineering Bay  
  24  3:09  Marine, Siege Tank  
  28  3:13  Refinery  
  28  3:20  SCV  
  29  3:27  Marine  
  29  3:32  SCV  
  31  3:52  Marine, Siege Tank  
  25  4:03  SCV  
  24  4:10  Marine  
  24  4:15  SCV  
  26  4:27  Marine, SCV  
  28  4:40  SCV  
  28  4:46  Marine  
  28  4:52  SCV  
  18  5:04  SCV  
  16  5:28  SCV  
  16  5:29  Bunker  
  17  5:41  Bunker  
  9  5:49  Marine  
  7  5:57  Widow Mine  
  7  6:03  SCV  
  9  6:08  Marine  
  10  6:15  SCV  
  11  6:27  SCV  
  12  6:39  SCV  
  13  6:44  Marine  
  14  6:51  SCV  
  15  7:02  Marine  
  15  7:04  SCV  
  17  7:16  SCV  
  17  7:17  Widow Mine  
  20  7:26  Engineering Bay  
  20  7:28  SCV  
  21  7:33  Marine  
  22  7:40  SCV  
  23  7:46  Widow Mine  
  26  7:52  SCV  
  26  8:04  SCV  
  27  8:14  Marine  
  27  8:16  SCV  
  29  8:28  SCV  
  29  8:32  Marine  
  31  8:45  SCV  
  33  8:58  Command Center  
  33  9:00  SCV  
  33  9:12  Widow Mine, SCV  
  36  9:24  Marine, SCV  
  38  9:36  SCV  
  39  9:45  Command Center  
  39  9:46  Supply Depot  
  39  9:48  SCV  
  34  10:01  SCV  
  34  10:04  Barracks  
  35  10:07  Barracks  
  35  10:13  SCV  
  34  10:22  SCV  
  34  10:26  Marine  
  36  10:29  SCV  
  37  10:38  Widow Mine  
  37  10:42  SCV  
  40  10:45  Orbital Command  
  40  10:52  Barracks Reactor  
  40  10:54  SCV  
  40  10:55  Barracks Reactor  
  41  11:06  SCV  
  41  11:07  Orbital Command  
  42  11:11  Barracks Tech Lab  
  42  11:17  Factory Reactor  
  40  11:19  SCV  
  40  11:22  Starport  
  41  11:26  SCV  
  41  11:30  Marine x2  
  41  11:31  Marine  
  41  11:32  Marine  
  46  11:36  Terran Infantry Weapons Level 1  
  46  11:39  Marine  
  47  11:43  SCV  
  48  11:47  SCV  
  48  11:49  SCV  
  48  11:52  Marine  
  48  11:53  Marine x3  
  54  11:55  SCV  
  54  11:58  Widow Mine  
  54  11:59  Supply Depot  
  57  12:02  Medivac  
  60  12:10  Marine  
  59  12:18  Marine  
  60  12:23  Barracks  
  60  12:24  Barracks  
  60  12:29  SCV x2  
  61  12:30  Widow Mine  
  61  12:31  Widow Mine  
  61  12:32  Marine  
  61  12:35  SCV  
  61  12:36  Starport Reactor  
  67  12:40  Marine, Barracks  
  69  12:44  Refinery, SCV  
  69  12:45  Refinery  
  69  12:47  Supply Depot  
  69  12:51  Marine, Stimpack  
  70  12:52  Marine  
  70  12:53  SCV  
  70  12:57  SCV  
  74  13:01  Marine, Widow Mine x2  
  74  13:05  Orbital Command  
  78  13:07  SCV  
  78  13:09  Marine  
  80  13:15  Missile Turret  
  80  13:17  Bunker  
  80  13:19  Barracks Reactor  
  80  13:21  Medivac  
  80  13:25  SCV  
  83  13:29  SCV  
  83  13:30  Widow Mine  
  83  13:31  SCV  
  83  13:32  Marine  
  83  13:33  Marine  
  89  13:36  Barracks Reactor  
  89  13:37  Terran Infantry Armor Level 1  
  89  13:39  SCV  
  92  13:41  SCV  
  92  13:47  Supply Depot  
  92  13:48  Supply Depot  
  91  13:51  Supply Depot  
  91  13:52  Marine  
  92  13:57  Marine  
  93  14:09  Marine x2  
  91  14:10  Marine x2  
  91  14:14  Marine  
  91  14:15  Marine x4  
  94  14:20  Widow Mine x2  
  98  14:27  Marine, SCV  
  100  14:33  Medivac x2  
  100  14:34  Marine, Barracks x2  
  100  14:37  SCV  
  100  14:38  Barracks  
  106  14:40  Supply Depot, SCV  
  107  14:50  Marine  
  107  14:51  Marine x2  
  107  14:55  Marine x2  
  107  15:01  Marine x2  
  107  15:04  Marine  
  107  15:05  Marine  
  111  15:08  Marine, Medivac x2  
  111  15:09  SCV  
  111  15:13  Supply Depot x2  
  117  15:17  Marine  
  117  15:18  Marine x3  
  117  15:19  Marine x2  
  117  15:20  Supply Depot  
  123  15:24  Marine  
  123  15:26  Barracks Reactor x2  
  123  15:27  Barracks Reactor  
  123  15:28  Marine  
  125  15:34  Marine  
  126  15:38  Marine x3  
  126  15:39  Marine x3  
  126  15:42  Marine  
  133  15:45  Marine  
  133  15:48  Supply Depot x2  
  134  15:50  Supply Depot  
  134  15:52  Marine  
  134  15:53  Widow Mine  
  134  15:54  Widow Mine  
  134  15:56  Marine x3  
  142  16:01  Marine, Supply Depot  
  142  16:03  Marine x3  
  126  16:19  Marine x4  
  126  16:21  Marine  
  126  16:22  Widow Mine  
  126  16:23  Marine x3  
  130  16:31  Marine x2  
  130  16:32  Marine x2  
  134  16:36  Marine  
  133  16:41  Marine  
  133  16:42  Marine, Widow Mine  
  128  16:50  Marine x6  
  128  16:51  Marine x3  
  137  16:57  Marine x2, Widow Mine  
  141  17:05  Marine  
  141  17:06  Marine  
  141  17:07  Command Center  
  141  17:08  Marine x2  
  145  17:09  Marine  
  145  17:14  Marine  
  147  17:16  Marine x4  
  147  17:22  Marine x2  
  153  17:25  Marine  
  153  17:28  Marine  
  153  17:29  Marine  
  155  17:34  Supply Depot  
  155  17:35  Supply Depot  
  153  17:39  Marine x2  
  153  17:40  Marine  
  153  17:41  Marine  
  153  17:43  Marine  
  133  17:56  Marine x2  
  133  17:58  Marine  
  119  18:07  Marine  
  120  18:13  Marine  
  120  18:15  Marine  
  122  18:25  Marine  
  123  18:30  Marine  
  123  18:33  Marine x2  
  126  18:36  Marine  
  126  18:38  Marine  
  128  18:44  Marine  
  128  18:45  Marine x2  
  128  18:46  Marine  
  132  18:49  Marine  
  132  18:51  Marine  
  129  18:57  Marine  
  129  18:59  Marine  
  127  19:04  Marine  
  128  19:10  Marine  
  129  19:17  Marine  
  129  19:23  Marine  
  131  19:28  Marine  
  132  19:34  Marine  
Tags
 
Add a new tag
Caveats
  • Supply blocks, unpowered buildings, or Contaminate may cause inaccurate times.
  • Supply counts are checked every 10 seconds.